 Dungeon Crawl Stone Soup version 0.31-a0-182-gc5ef74bbde (webtiles) character file.

Game seed: 7810443320215349706

44 qw the Chopper (level 3, -1/23 HPs)
             Began as a Gargoyle Fighter on June 20, 2023.
             Killed from afar by an orc wizard (3 damage)
             ... with a magic dart
             ... on level 2 of the Dungeon.
             The game lasted 00:00:31 (1504 turns).

qw the Chopper (Gargoyle Fighter)                   Turns: 1504, Time: 00:00:32

Health: -1/23      AC: 11    Str: 21    XL:     3   Next: 62%
Magic:  3/3        EV:  9    Int:  8    God:
Gold:   133        SH:  0    Dex:  9    Spells: 2/2 levels left

rFire   . . .        Y - +2 war axe
rCold   . . .        c - +0 buckler
rNeg    + . .        b - +0 scale mail
rPois   inf          (no helmet)
rElec   +            (no cloak)
rCorr   +            (no gloves)
SInv    .            i - +0 pair of boots
Will    .....        (no amulet) Stlth
                     j - ring of resist corrosion
HPRegen 0.23/turn    (no ring)
MPRegen 0.08/turn

%: no passive effects
@: confused
A: sickness immunity, AC +3, negative energy resistance 1, electricity
resistance, torment resistance 1, petrification resistance
a: no special abilities


You were on level 2 of the Dungeon.
You visited 1 branch of the dungeon, and saw 3 of its levels.

You collected 133 gold pieces.


Innate Abilities, Weirdness & Mutations

You are immune to sickness and miasma.
Your stone body is resilient. (AC +3)
You are immune to poison.
You resist negative energy. (rN+)
You are resistant to electric shocks. (rElec)
You are resistant to unholy torment.
You are immune to petrification.


   Skills:
 - Level 3.2 Fighting
 + Level 3.5 Axes
 - Level 3.2 Armour
 - Level 3.2 Shields


You had 2 spell levels left.
You didn't know any spells.
Your spell library was empty.

Inventory:

Hand Weapons
 m - a +0 mace
 Y - a +2 war axe (weapon)
Missiles
 e - 2 boomerangs (quivered)
Armour
 b - a +0 scale mail (worn)
 c - a +0 buckler (worn)
 i - a +0 pair of boots (worn)
Jewellery
 j - a ring of resist corrosion (left hand)
Scrolls
 a - a scroll of teleportation
Potions
 d - 2 potions of might
 f - a potion of attraction
 l - a potion of berserk rage {unknown}

Dungeon Overview and Level Annotations

Branches:
Dungeon (3/15)

Altars:


Message History

The orc hits you but does no damage. Something hits you but does no damage.
The orc hits you with a +0 falchion.
In your confused state, you trip and fall back down the stairs.
The orc barely misses you. Something hits you but does no damage.
The orc closely misses you.
1499 ||| STAIRDANCE The orc hits you from afar with a +0 trident.
Something hits you. The orc hits you but does no damage.
In your confused state, you trip and fall back down the stairs.
You feel less confused. Something completely misses you.
The orc hits you but does no damage. x2
1501 ||| STAIRDANCE The orc hits you but does no damage.
You hear some strange, mumbled words.
You are confused.
The orc hits you but does no damage.
You climb upwards.
Reactivating autopickup.
There is a stone staircase leading down here.
Enter note:
Enter note:
Enter note:
Enter note:
Enter note:
Enter note:
Enter note:
Enter note:
Enter note:
Enter note:
Enter note:
Enter note: The orc closely misses you. Something hits you but does no damage.
Deactivating autopickup; reactivate with Ctrl-A.
Autopickup is now on.
The orc closely misses you.
You hear some strange, mumbled words.
A magic dart appears from out of thin air!
Deactivating autopickup; reactivate with Ctrl-A.
The magic dart hits you.
You die...

.#.#.#..............#
.#.#.##.............#
.#.#.##.............#
...#.##.............#
#....##.............#
.....##.............#
#^.####.............#
...# #........o....#
#..# #.........@{..#
...# ##.............#
_..###..............#
....##..............#
#...##.#...##########
.^.....#.#.##....#
#^.#####.#.##.##.#####
...#####.#..%........#
#...#....#####..####.#


You could see an orc.

Vanquished Creatures
  An adder (D:2)
  3 dart slugs
  An orc (D:3)
  2 ball pythons (D:2)
  5 bats
  A hobgoblin (D:3)
  3 jackals (D:1)
  2 quokkas
  A frilled lizard (D:1)
  6 kobolds
  4 rats
29 creatures vanquished.

Notes
Turn   | Place    | Note
-------+----------+-------------------------------------------
     0 | D:1      | qw the Gargoyle Fighter began the quest for the Orb.
     0 | D:1      | Reached XP level 1. HP: 14/14 MP: 1/1
     0 | D:1      | 0 ||| qw: Version: 0.3-a-9-g12657ce
     0 | D:1      | 0 ||| qw: Game counter: 1391
     0 | D:1      | 0 ||| qw: Always use a shield: true
     0 | D:1      | 0 ||| qw: God list: Okawaru
     0 | D:1      | 0 ||| qw: Allow faded altars: false
     0 | D:1      | 0 ||| qw: Do Orc after D:15 true
     0 | D:1      | 0 ||| qw: Do second Lair branch before Depths: true
     0 | D:1      | 0 ||| qw: Lair rune preference: random
     0 | D:1      | 0 ||| qw: Plans: Normal, Zot:1-4, Slime:5, God:TSO, Crypt,
                  | Tomb, Abyss, Pan, Hells, Win
     0 | D:1      | 0 ||| PLANNING D:1-11
   236 | D:1      | Reached XP level 2. HP: 19/19 MP: 2/2
   312 | D:1      | 312 ||| Stepping ~*~*~tactically~*~*~ (hiding).
   314 | D:1      | 314 ||| Stepping ~*~*~tactically~*~*~ (hiding).
   469 | D:1      | 469 ||| Stepping ~*~*~tactically~*~*~ (hiding).
   492 | D:1      | 492 ||| DROPPING +0 club.
   619 | D:1      | 619 ||| READING 2 scrolls labelled UXI DUAXKUSS.
   624 | D:1      | 624 ||| READING scroll labelled VEGHYCZ BUEK.
   625 | D:1      | 625 ||| READING scroll labelled BECHAURUCH.
   626 | D:1      | 626 ||| READING scroll labelled IMOMOON BUUMNE.
   627 | D:1      | 627 ||| READING scroll labelled RUKLAI VIMURPH.
   728 | D:1      | 728 ||| READING scroll labelled ETUET VYDAQA.
   729 | D:1      | 729 ||| DRINKING 2 viscous coppery potions.
   752 | D:2      | Reached skill level 3 in Axes
   782 | D:2      | Reached XP level 3. HP: 23/23 MP: 3/3
   866 | D:2      | Found a faded altar of an unknown god.
  1103 | D:2      | 1103 ||| READING scroll of enchant weapon.
  1103 | D:2      | 1103 ||| ENCHANTING +1 war axe.
  1453 | D:2      | 1453 ||| UPGRADING to +0 pair of boots.
  1458 | D:2      | 1458 ||| UPGRADING to ring of resist corrosion.
  1459 | D:2      | 1459 ||| READING scroll labelled YSHRYP PAJ NIBA.
  1460 | D:2      | 1460 ||| READING scroll labelled XUSEK GOUKEIJU.
  1495 | D:3      | 1495 ||| STAIRDANCE
  1497 | D:3      | 1497 ||| STAIRDANCE
  1499 | D:3      | 1499 ||| STAIRDANCE
  1499 | D:3      | HP: 4/23 [orc/+0 trident (4)]
  1500 | D:3      | HP: 1/23 [fell downstairs (1)]
  1501 | D:3      | 1501 ||| STAIRDANCE
  1504 | D:2      | Killed from afar by an orc wizard

Levels and vault maps discovered:
D:1:      pf_arrival_petrified_forest, layout_rooms, hex_intersection,
          chequers_garden
D:2:      layout_basic, shapermc_ecumenical_altar_rom_forum, nrook_campfire,
          kennysheep_generic_room_3
D:3:      layout_basic, uniq_pargi

Skill      XL: |  1  2 |
---------------+-------+-----
Axes           | 2 3 |  3.5
Fighting       | |  3.2
Armour         | |  3.2
Shields        | |  3.2

Action                     || total
---------------------------++-------
  Melee: War axe           ||    61
  Throw: Boomerang         ||    16
    Use: Scroll            ||     9
         Potion            ||     1
 Armour: Scale mail        ||    42
  Dodge: Dodged            ||    32
  Block: Buckler           ||    16

Table legend:
 A = Non-vault XP
 B = Vault XP
 C = Vault XP percentage of total XP
 D = Non-vault monster count
 E = Vault monster count
 F = Vault count percentage of total count
                 A         B        C        D         E       F
            +---------+---------+-------+---------+---------+-------
      Total |      61 |       3 |   4.7 |      27 |       2 |   6.9
            +---------+---------+-------+---------+---------+-------
        D:1 |      24 |       0 |   0.0 |      13 |       0 |   0.0
        D:2 |      31 |       3 |   8.8 |      11 |       2 |  15.4
        D:3 |       6 |       0 |   0.0 |       3 |       0 |   0.0
            +---------+---------+-------+---------+---------+-------
